AoeStats
← Sid

Arabia

506055827Analyzed
2v2 RM · 20d ago on Sep 12, 2026· 41m 3s· 4 players
Game mode
Random Map
Map size
Medium (4 player)
Population
200
Speed
Normal
Resources
Standard
Victory
Conquest
Starting age
Dark Age
Ending age
Imperial Age
RankedLock teamsTeams togetherTeam positionsShared explorationLock speedFull tech treeHidden civsTurbo modeCheats
Victory
Defeat
🇯🇵 Tatars · Japan
1310
+19
🇯🇵 Georgians · Japan
1279
+20
🇧🇪 Wei · Belgium
1382
-20
🇫🇷 Mongols · France
1369
-19
fumin
5:59 Loom
9:22 Feudal Age
10:17 Double-Bit Axe
15:13 Fletching
18:39 Padded Archer Armor
22:04 Castle Age
20:40 Horse Collar
21:36 Gold Mining
23:04 Forging
22:26 Crossbowman
23:03 Bodkin Arrow
25:26 Bow Saw
28:30 Ballistics
34:26 Wheelbarrow
42:08 Imperial Age
Sid
5:58 Loom
8:55 Feudal Age
9:31 Double-Bit Axe
12:12 Horse Collar
15:50 Wheelbarrow
21:51 Castle Age
20:14 Scale Barding Armor
20:01 Gold Mining
20:50 Forging
20:33 Stone Mining
22:27 Bloodlines
23:02 Chain Barding Armor
22:32 Light Cavalry
25:28 Iron Casting
25:03 Husbandry
25:30 Heavy Plow
26:19 Town Watch
29:18 Fletching
31:47 Stone Mining
35:26 Bow Saw
35:43 Scale Mail Armor
39:20 Hand Cart
Arkin
6:08 Loom
8:54 Feudal Age
9:36 Double-Bit Axe
16:46 Fletching
18:16 Padded Archer Armor
24:05 Castle Age
24:48 Bodkin Arrow
24:14 Crossbowman
25:41 Bow Saw
26:33 Thumb Ring
28:48 Ballistics
28:13 Horse Collar
29:54 Bloodlines
35:16 Leather Archer Armor
35:28 Husbandry
Kawarg
6:16 Loom
9:28 Feudal Age
10:31 Double-Bit Axe
11:42 Forging
18:03 Scale Barding Armor
21:03 Horse Collar
25:35 Castle Age
24:13 Bloodlines
26:02 Light Cavalry
26:43 Husbandry
27:12 Chain Barding Armor
28:33 Iron Casting
Connection lost

Rejoining the realm…

Still unreachable

The connection could not be restored.

Session expired

The server has moved on; the page needs a fresh start.